 Dungeon Crawl Stone Soup version 0.28-a0-172-g787e458d71 (webtiles) character file.

Game seed: 4813008594943938961

40 ZARRMARR the Grave Robber (level 3, -1/25 HPs)
             Began as a Demonspawn Necromancer on Aug 17, 2021.
             Slain by a gnoll (4 damage)
             ... on level 3 of the Dungeon.
             The game lasted 00:09:27 (3430 turns).

ZARRMARR the Grave Robber (Demonspawn Necromancer)  Turns: 3430, Time: 00:09:28

Health: -1/25      AC:  3    Str:  8    XL:     3   Next: 30%
Magic:  6/6        EV: 12    Int: 17    God:
Gold:   118        SH:  0    Dex: 13    Spells: 5/6 levels left

rFire   . . .      SeeInvis .   (no weapon)
rCold   . . .      Faith    .   (no shield)
rNeg    . . .      Spirit   .   a - +0 robe
rPois   .          Reflect  .   (helmet restricted)
rElec   .          Harm     .   c - +0 cloak
rCorr   .          Rampage  .   (no gloves)
Will    .....                   (no boots)
Stlth   ++........              f - amulet of magic regeneration
HPRegen 0.08/turn               (no ring)
MPRegen 0.35/turn               (no ring)

@: no status effects
A: claws 1, horns 1
a: no special abilities


You were on level 3 of the Dungeon.
You visited 1 branch of the dungeon, and saw 3 of its levels.

You collected 118 gold pieces.

Inventory:

Missiles
 e - 13 poisoned darts (quivered)
Armour
 a - a +0 robe (worn)
 c - a +0 cloak (worn)
Jewellery
 f - an amulet of magic regeneration (around neck)
Scrolls
 b - a scroll of fog {unknown}
 h - a scroll of identify {unknown}
Potions
 d - a potion of curing
 g - a potion of brilliance {unknown}


   Skills:
 * Level 0.9 Fighting
 + Level 1.8 Dodging
 + Level 1.7 Stealth
 + Level 2.3 Spellcasting
 + Level 5.2 Necromancy


You had 5 spell levels left.
You knew the following spells:

 Your Spells              Type           Power      Damage    Failure   Level
a - Pain                  Necr           76%        1d7       2%          1

Your spell library contained the following spells:

 Spells                   Type           Power      Damage    Failure   Level
 Animate Skeleton         Necr           38%        N/A       2%          1
 Vampiric Draining        Necr           9%         2d7       6%          3
 Animate Dead             Necr           9%         N/A       22%         4
 Agony                    Necr           19%        N/A       52%         5


Dungeon Overview and Level Annotations

Branches:
Dungeon (3/15)

Altars:

Shops:
D:1 [


Innate Abilities, Weirdness & Mutations

You have sharp fingernails.
You have a pair of small horns on your head.


Message History

A gnoll comes into view. It is wielding a +0 whip.
The gnoll barely misses you.
You completely miss the gnoll.
The gnoll is moderately wounded.
The gnoll hits you with a +0 club.
You scratch the gnoll.
The gnoll is heavily wounded.
The gnoll closely misses you.
You scratch the gnoll but do no damage.
The gnoll is heavily wounded.
The gnoll barely misses you.
You scratch the gnoll but do no damage.
The gnoll is heavily wounded.
The gnoll closely misses you.
You barely miss the gnoll.
The gnoll is heavily wounded.
The gnoll hits you with a +0 club.
You completely miss the gnoll.
The gnoll is heavily wounded.
The gnoll hits you with a +0 club.
* * * LOW HITPOINT WARNING * * *
You see here a +0 robe.
There is a stone staircase leading up here.
The gnoll hits you with a +0 club.
* * * LOW HITPOINT WARNING * * *
You climb upwards.
There is a stone staircase leading down here.
You start resting.
HP restored.
You start waiting.
Done waiting.
You climb downwards.
The gnoll barely misses you. The gnoll hits you with a +0 club.
The gnoll hits you with a +0 whip.
There is a stone staircase leading up here.
You scratch the gnoll but do no damage. The gnoll hits you with a +0 club.
The gnoll hits you with a +0 whip! The gnoll hits you with a +0 club.
* * * LOW HITPOINT WARNING * * *
The gnoll hits you with a +0 whip.
You die...

## ##### ..
......#####.#
#.g@gg..#
#########


You could see 3 gnolls.

Vanquished Creatures
  An adder (D:2)
  A worm (D:2)
  3 endoplasms
  A giant cockroach (D:2)
  6 hobgoblins
  2 quokkas
  6 ball pythons
  A bat (D:2)
  5 frilled lizards
  A kobold (D:2)
  A rat (D:1)
28 creatures vanquished.

Notes
Turn   | Place    | Note
-------+----------+-------------------------------------------
     0 | D:1      | ZARRMARR the Demonspawn Necromancer began the quest for the
                  | Orb.
     0 | D:1      | Reached XP level 1. HP: 13/13 MP: 3/3
   793 | D:1      | Found Seonit's Antique Armour Shoppe.
  1235 | D:2      | Gained mutation: You have a pair of small horns on your
                  | head. [demonic ancestry]
  1235 | D:2      | Reached XP level 2. HP: 16/19 MP: 1/5
  1639 | D:2      | Reached skill level 5 in Necromancy
  2328 | D:2      | Gained mutation: You have sharp fingernails. [demonic
                  | ancestry]
  2328 | D:2      | Reached XP level 3. HP: 24/25 MP: 4/6
  3430 | D:3      | Slain by a gnoll

Illustrated notes

Levels and vault maps discovered:
D:1:      minmay_arrival_four_loops, layout_loops_ring, serial_shops,
          nicolae_shop_waterfront, minmay_pentomino_t2
D:2:      layout_loops_ring, grunt_ministairs_7, nrook_campfire
D:3:      layout_loops_ring, amcnicky_altar_gilded,
          yredelemnul_forgotten_temple_becter, trog_hazing_becter, serial_shops,
          shop, nicolae_shop_behind_doors, nicolae_shop_crystal,
          ebering_ecumenical_altar_ruins, st_stairs_1, minmay_crystal_room,
          minmay_ruptured

Skill      XL: |  1  2 |
---------------+-------+-----
Necromancy     | 5 |  5.2
Fighting       | |  0.9
Dodging        | |  1.8
Stealth        | |  1.7
Spellcasting   | |  2.3

Action                   || total
-------------------------++-------
Melee: Unarmed           ||    35
       Headbutt          ||     4
Throw: Dart              ||     5
 Cast: Pain              ||    55
  Use: Scroll            ||     2
       Potion            ||     2
 Stab: Sleeping          ||     1
Armor: Robe              ||     5
       Skin              ||     8
Dodge: Dodged            ||    22

Table legend: (Time is in decaauts)
 A = Elapsed time spent in this place.
 B = Non-inter-level travel time spent in this place.
 C = Inter-level travel time spent in this place.
 D = Time resting spent in this place.
 E = Time spent auto-exploring this place.
 F = Levels seen in this place.
 G = Mean time per level.
                   A        B        C        D        E       F      G
               +--------+--------+--------+--------+--------+-----+--------+
         Total |   3431 |   3162 |    269 |   1341 |   1601 |   3 | 1143.7 |
       Dungeon |   3431 |   3162 |    269 |   1341 |   1601 |   3 | 1143.7 |
               +--------+--------+--------+--------+--------+-----+--------+

Top non-repeatable levels by time:
     D:2: 2180 daAuts
     D:1: 1233 daAuts
     D:3: 17 daAuts
